 Dungeon Crawl Stone Soup version 0.30-a0-802-gb92711bcdf (webtiles) character file.

Game seed: 15313861390975329379

1313 retardedninja the Shield-Bearer (level 8, -3/67 HPs)
             Began as a Gnoll Fighter on Feb 24, 2023.
             Was a Follower of Cheibriados.
             Slain by a gnoll
             ... wielding a +0 spear
             ... led by a gnoll bouda
              (8 damage)
             ... on level 7 of the Dungeon.
             The game lasted 00:08:18 (6580 turns).

retardedninja the Shield-Bearer (Gnoll Fighter)     Turns: 6580, Time: 00:08:19

Health: -3/67      AC: 15    Str: 21    XL:     8   Next: 58%
Magic:  13/13      EV:  9    Int:  9    God:    Cheibriados [*.....]
Gold:   200        SH:  0    Dex: 13    Spells: 14/14 levels left

rFire   . . .      SeeInvis .    a - +0 flail
rCold   . . .      Faith    .    c - +0 buckler
rNeg    . . .      Spirit   .    b - +0 chain mail
rPois   .          Reflect  .    u - +2 helmet
rElec   .          Harm     .    r - +0 cloak
rCorr   .          Rampage  .    (no gloves)
Will    .....                    (no boots) Stlth
                                 (no amulet)
HPRegen 0.31/turn                (no ring)
MPRegen 0.13/turn                (no ring)

@: confused, ambrosia-drunk, very slow
A: fangs 1, strong nose, distributed training
a: Renounce Religion, Bend Time


You were on level 7 of the Dungeon.
You worshipped Cheibriados.
Cheibriados was aware of your devotion.
You visited 2 branches of the dungeon, and saw 8 of its levels.

You collected 330 gold pieces.
You spent 130 gold pieces at shops.

Inventory:

Hand Weapons
 a - a +0 flail (weapon)
Missiles
 g - a throwing net (quivered)
 l - 5 javelins
Armour
 b - a +0 chain mail (worn)
 c - a +0 buckler (worn)
 r - a +0 cloak (worn)
 u - a +2 helmet (worn)
Jewellery
 y - a ring of fire
Wands
 x - a wand of polymorph (12)
Scrolls
 d - a scroll of torment
 f - 2 scrolls of silence
 i - a scroll of acquirement {unknown}
 n - 3 scrolls of magic mapping {unknown}
 o - a scroll of immolation
 p - 2 scrolls of fear {unknown}
 q - a scroll of amnesia {unknown}
 t - a scroll of teleportation
 B - a scroll of enchant armour
 C - 2 scrolls of identify
Potions
 e - a potion of resistance
 h - a potion of curing
 j - 2 potions of brilliance
 k - 2 potions of mutation
 s - 2 potions of degeneration
 v - a potion of flight {unknown}
 z - a potion of lignification
 A - a potion of cancellation {unknown}
 E - a potion of haste {unknown}


   Skills:
 + Level 7.5 Fighting
 + Level 3.5 Short Blades
 + Level 3.5 Long Blades
 + Level 3.5 Axes
 + Level 5.8 Maces & Flails
 + Level 3.5 Polearms
 + Level 3.5 Staves
 + Level 3.5 Ranged Weapons
 + Level 3.5 Throwing
 + Level 7.5 Armour
 + Level 3.5 Dodging
 + Level 3.5 Stealth
 + Level 7.5 Shields
 + Level 3.5 Unarmed Combat
 + Level 3.5 Spellcasting
 + Level 2.9 Conjurations
 + Level 2.9 Hexes
 + Level 2.9 Summonings
 + Level 2.9 Necromancy
 + Level 2.9 Translocations
 + Level 2.9 Transmutations
 + Level 2.9 Fire Magic
 + Level 2.9 Ice Magic
 + Level 2.9 Air Magic
 + Level 2.9 Earth Magic
 + Level 2.9 Poison Magic
 + Level 3.9 Invocations
 + Level 3.5 Evocations


You had 14 spell levels left.
You didn't know any spells.
Your spell library contained the following spells:

 Spells                   Type           Power      Damage    Failure   Level
 Ensorcelled Hibernation  Hex/Ice        12%        N/A       77%         2
 Ignite Poison            Fire/Tmut/Pois 6%         N/A       94%         3
 Kindle Blastsparks       Fire/Tloc/Air  12%        2d11      94%         3
 Spider Form              Tmut/Pois      6%         N/A       94%         3
 Anguish                  Hex/Necr       3%         N/A       100%        4
 Freezing Cloud           Conj/Ice/Air   3%         6-21      100%        5


Dungeon Overview and Level Annotations

Branches:
Dungeon (7/15)             Temple (1/1) D:4

Altars:
Ashenzari
Cheibriados
Dithmenos
Elyvilon
Fedhas
Hepliaklqana
Kikubaaqudgha
Nemelex Xobeh
Okawaru
Qazlal
Ru
Sif Muna
Trog
Uskayaw
Vehumet
Wu Jian
Xom
Yredelemnul
Zin
The Shining One

Shops:
D:6 *


Innate Abilities, Weirdness & Mutations

You have very sharp teeth.
Your uncanny sense of smell can sniff out nearby items.
Your experience applies equally to all skills.


Message History

Beogh smites you! You block the orc's attack. The orc closely misses you.
An orc wizard comes into view. It is wielding a +0 dagger.
The orc priest moves out of view.
You hear a shout!
Things that are here:
a +0 whip; a +0 leather armour The orc priest hits you but does no damage.
The orc priest calls down the wrath of Beogh upon you.
You struggle to resist.
The orc priest looks satisfied for a moment.
The orc barely misses you.
The orc priest attacks as you move away!
The orc priest barely misses you.
The orc priest mumbles some strange prayers to Beogh against you.
Beogh smites you!
The orc hits you from afar with a +0 trident. x2
* * * LOW HITPOINT WARNING * * *
You closely miss the orc. The gnoll hits you but does no damage.
The orc closely misses you. You block the orc's attack.
You sock the orc!
You kill the orc!
Cheibriados thoroughly appreciates the change of pace.
The orc hits you but does no damage.
The gnoll hits you from afar with a +0 spear!
* * * LOW HITPOINT WARNING * * *
The orc hits you with a +0 trident.
* * * LOW HITPOINT WARNING * * *
The gnoll hits you but does no damage.
The orc priest hits you but does no damage.
Things that are here:
a +0 dagger; an orc corpse You are confused.
You feel invigorated. The orc hits you but does no damage.
The orc priest mumbles some strange prayers to Beogh against you.
Beogh smites you!
* * * LOW HITPOINT WARNING * * *
The gnoll hits you but does no damage. The orc priest barely misses you.
You bump into the rock wall.
The orc hits you but does no damage. The gnoll hits you with a +0 spear!
You die...

##...# .
####....# ## ..
#....#..####....
...
......)......#
... #..#### ..
##g)..###$#
####oo...# #
#ogo### #..
#@#.#
#...##.#...
#....####o#
##..## o. .....
.. ....... .
.###.#. #.## #.


You could see 2 orc priests, an orc wizard, a gnoll and an orc.

Vanquished Creatures
  Sigmund (D:2)
  Eustachio (D:4)
  A black bear (D:4)
  A phantom (D:5)
  A bullfrog (D:7)
  4 killer bees (D:7)
  2 howler monkeys (D:7)
  A hound (D:6)
  An orc priest (D:3)
  3 orc wizards
  Natasha (twice) (D:3)
  4 iguanas
  A hound zombie (D:3)
  3 gnolls (D:5)
  8 adders
  A white imp (D:7)
  An adder zombie (D:3)
  A dart slug (D:3)
  3 worms
  13 orcs
  2 ball pythons
  8 endoplasms
  A giant cockroach (D:2)
  17 goblins
  6 hobgoblins
  10 jackals
  3 quokkas
  2 bats
  2 frilled lizards
  6 kobolds
  6 rats
116 creatures vanquished.

Notes
Turn   | Place    | Note
-------+----------+-------------------------------------------
     0 | D:1      | retardedninja the Gnoll Fighter began the quest for the
                  | Orb.
     0 | D:1      | Reached XP level 1. HP: 23/23 MP: 1/1
    25 | D:1      | Found a faded altar of an unknown god.
   207 | D:1      | Reached XP level 2. HP: 29/29 MP: 2/2
   734 | D:2      | Noticed Sigmund
   753 | D:2      | Killed Sigmund
   754 | D:2      | Reached skill level 1 in Short Blades
   754 | D:2      | Reached skill level 1 in Long Blades
   754 | D:2      | Reached skill level 1 in Axes
   754 | D:2      | Reached skill level 1 in Polearms
   754 | D:2      | Reached skill level 1 in Staves
   754 | D:2      | Reached skill level 1 in Ranged Weapons
   754 | D:2      | Reached skill level 1 in Throwing
   754 | D:2      | Reached skill level 1 in Dodging
   754 | D:2      | Reached skill level 1 in Stealth
   754 | D:2      | Reached skill level 1 in Unarmed Combat
   754 | D:2      | Reached skill level 1 in Spellcasting
   754 | D:2      | Reached skill level 1 in Conjurations
   754 | D:2      | Reached skill level 1 in Hexes
   754 | D:2      | Reached skill level 1 in Summonings
   754 | D:2      | Reached skill level 1 in Necromancy
   754 | D:2      | Reached skill level 1 in Translocations
   754 | D:2      | Reached skill level 1 in Transmutations
   754 | D:2      | Reached skill level 1 in Fire Magic
   754 | D:2      | Reached skill level 1 in Ice Magic
   754 | D:2      | Reached skill level 1 in Air Magic
   754 | D:2      | Reached skill level 1 in Earth Magic
   754 | D:2      | Reached skill level 1 in Poison Magic
   754 | D:2      | Reached skill level 1 in Invocations
   754 | D:2      | Reached skill level 1 in Evocations
   754 | D:2      | Reached XP level 3. HP: 34/35 MP: 2/5
   754 | D:2      | Reached XP level 4. HP: 40/41 MP: 2/6
   754 | D:2      | Reached XP level 5. HP: 46/47 MP: 2/7
  1378 | D:2      | Found a broken altar of Ashenzari.
  1738 | D:3      | Reached XP level 6. HP: 53/53 MP: 8/8
  1837 | D:3      | Reached skill level 5 in Maces & Flails
  2260 | D:3      | Found a stormy altar of Qazlal.
  2364 | D:3      | Noticed Natasha
  2372 | D:3      | Killed Natasha
  2539 | D:3      | Noticed Natasha
  2548 | D:3      | Killed Natasha
  2594 | D:3      | Found an ornate altar of the Wu Jian Council.
  2667 | D:3      | Found a basalt altar of Yredelemnul.
  3048 | D:4      | Found a staircase to the Ecumenical Temple.
  3068 | Temple   | Entered the Ecumenical Temple
  3161 | D:4      | Noticed Eustachio
  3641 | D:4      | Noticed a black bear
  3656 | D:4      | Killed a black bear
  3657 | D:4      | Reached XP level 7. HP: 16/60 MP: 10/10
  4099 | D:4      | Killed Eustachio
  4519 | D:5      | Entered Level 5 of the Dungeon
  4894 | D:5      | Identified the +0 cloak of Eric {-Tele Will+ Int+6}
  5016 | D:5      | Found a snail-covered altar of Cheibriados.
  5097 | D:5      | Became a worshipper of Cheibriados the Contemplative
  5105 | D:5      | Identified the +0 scale mail of the New World {Regen+ Dex+2
                  | Stlth-}
  5492 | D:6      | Found a radiant altar of Vehumet.
  5580 | D:6      | Reached XP level 8. HP: 67/67 MP: 12/12
  5729 | D:6      | Found Jeivoe's Assorted Antiques.
  5737 | D:6      | Bought a potion of heal wounds for 130 gold pieces
  6210 | D:7      | Reached * piety under Cheibriados
  6579 | D:7      | HP: 1/67 [orc priest/divine providence (15)]
  6580 | D:7      | Slain by a gnoll

Illustrated notes

Levels and vault maps discovered:
D:1:      scummos_arrival_forest, layout_basic,
          hellmonk_ecumenical_altar_lost_god, moated_statue, minmay_circled_x
D:2:      layout_basic, basic_altar, uniq_sigmund
D:3:      cheibrodos_greedy_goblins, layout_loops_ring,
          mainiacjoe_overflow_cross_hatched, lemuel_zombie_altar_yredelemnul,
          lemuel_tele_altar, uniq_natasha
D:4:      layout_basic, minmay_temple_entry_glass, minmay_unequal,
          uniq_eustachio
D:5:      layout_basic, nicolae_overflow_crystal_walls
D:6:      layout_rooms, nicolae_vehumet_radiance, serial_shops, shop_fountains,
          minmay_crystal_water
D:7:      layout_rooms, serial_shops, shop
Temple:   eino_wide_crystal_templ

Skill      XL: |  1  2  3  4  5  6  7 |
---------------+----------------------+-----
Short Blades   | 1 2 3 |  3.5
Long Blades    | 1 2 3 |  3.5
Axes           | 1 2 3 |  3.5
Polearms       | 1 2 3 |  3.5
Staves         | 1 2 3 |  3.5
Ranged Weapons | 1 2 3 |  3.5
Throwing       | 1 2 3 |  3.5
Dodging        | 1 2 3 |  3.5
Stealth        | 1 2 3 |  3.5
Unarmed Combat | 1 2 3 |  3.5
Spellcasting   | 1 2 3 |  3.5
Conjurations   | 1 2 |  2.9
Hexes          | 1 2 |  2.9
Summonings     | 1 2 |  2.9
Necromancy     | 1 2 |  2.9
Translocations | 1 2 |  2.9
Transmutations | 1 2 |  2.9
Fire Magic     | 1 2 |  2.9
Ice Magic      | 1 2 |  2.9
Air Magic      | 1 2 |  2.9
Earth Magic    | 1 2 |  2.9
Poison Magic   | 1 2 |  2.9
Invocations    | 1 2 3 |  3.9
Evocations     | 1 2 3 |  3.5
Maces & Flails | 5 |  5.8
Fighting       | 7 |  7.5
Armour         | 7 |  7.5
Shields        | 7 |  7.5

Action                     |  1- 3 |  4- 6 |  7- 9 || total
---------------------------+-------+-------+-------++-------
  Melee: Flail             |    38 |   256 |   210 ||   504
         Bite              |     4 |    23 |    21 ||    48
  Evoke: Wand              |       |       |     1 ||     1
    Use: Potion            |     1 |     4 |     4 ||     9
         Scroll            |       |     9 |     6 ||    15
 Armour: Scale mail        |    25 |   151 |    68 ||   244
         Chain mail        |       |       |   101 ||   101
  Dodge: Dodged            |    18 |   152 |   118 ||   288
  Block: Buckler           |     8 |    76 |    85 ||   169

Table legend: (Time is in decaauts)
 A = Elapsed time spent in this place.
 B = Non-inter-level travel time spent in this place.
 C = Inter-level travel time spent in this place.
 D = Time resting spent in this place.
 E = Time spent auto-exploring this place.
 F = Levels seen in this place.
 G = Mean time per level.
                   A        B        C        D        E       F      G
               +--------+--------+--------+--------+--------+-----+--------+
         Total |   6904 |   6626 |    278 |   1315 |   4108 |   8 |  863.0 |
       Dungeon |   6852 |   6582 |    270 |   1315 |   4078 |   7 |  978.9 |
        Temple |     51 |     43 |      8 |      0 |     30 |   1 |   51.0 |
               +--------+--------+--------+--------+--------+-----+--------+

Top non-repeatable levels by time:
     D:4: 1654 daAuts
     D:3: 1134 daAuts
     D:5: 1059 daAuts
     D:2: 1011 daAuts
     D:6: 828 daAuts
     D:1: 737 daAuts
     D:7: 426 daAuts
  Temple: 51 daAuts
